 Dungeon Crawl Stone Soup version 0.24.0-123-gd5b16e6ec5 (webtiles) character file.

Game seed: 9730051149835782223, levelgen mode: deterministic

69200 brucemayne the Executioner (level 15, -3/211 HPs)
             Began as a Hill Orc Monk on Jan 26, 2020.
             Was the Champion of Trog.
             Slain by a lindwurm (7 damage)
             ... on level 6 of the Lair of Beasts.
             The game lasted 00:43:52 (8778 turns).

brucemayne the Executioner (Hill Orc Monk)          Turns: 8778, Time: 00:43:53

Health: -3/211     AC: 15    Str: 26    XL:     15   Next: 29%
Magic:  0/12       EV: 16    Int: 13    God:    Trog [******]
Gold:   1028       SH:  0    Dex: 17    Spells: 14/14 levels left

rFire    . . .     SeeInvis .   E - +1 battleaxe of the Queen {flame, +Blink rC+++ MP-9 Int+3}
rCold    + + +     Gourm    .   (shield currently unavailable)
rNeg     + . .     Faith    .   y - +1 ring mail "Simuanulext" {*Contam rC+ MR+ Regen+}
rPois    .         Spirit   +   (no helmet)
rElec    .         Reflect  .   D - +2 cloak
rCorr    .         Harm     .   Z - +1 pair of gloves
MR       ++...                  g - +0 pair of boots
Stlth    ..........             s - amulet of guardian spirit
HPRegen  0.85/turn              X - ring of positive energy
MPRegen  0.13/turn              C - +4 ring of dexterity

@: berserking, very quick
A: no striking features
a: Berserk, Trog's Hand, Brothers in Arms, Renounce Religion, Evoke Blink


You were on level 6 of the Lair of Beasts.
You worshipped Trog.
Trog was exalted by your worship.
You were not hungry.

You visited 4 branches of the dungeon, and saw 22 of its levels.
You also visited: Bailey and Ice Cave.

You collected 2604 gold pieces.
You spent 1576 gold pieces at shops.

Inventory:

Hand Weapons
 p - a +3 war axe of flaming
 E - the +1 battleaxe of the Queen (weapon) {flame, +Blink rC+++ MP-9 Int+3}
   (You bought it in a shop on level 4 of the Dungeon)

   It has been specially enchanted to burn those struck by it, causing extra
   injury to most foes and up to half again as much damage against particularly
   susceptible opponents.
   Big, fiery blades are also staple armaments of hydra-hunters.
   It affects your intelligence (+3).
   It renders you almost immune to cold.
   It affects your magic capacity (-9).
   It lets you blink.
 J - a +1 battleaxe of freezing
 T - a +2 antimagic broad axe
 W - a +3 battleaxe
 Y - a +8 antimagic battleaxe
Missiles
 n - 19 poisoned darts
 w - 6 curare-tipped darts
 I - 6 throwing nets (quivered)
Armour
 g - a +0 pair of boots (worn)
 q - the cursed +0 chain mail of a Labyrinth {MR+ rCorr Str-4}
   (You bought it in a shop on level 2 of the Orcish Mines)

   It affects your strength (-4).
   It affects your resistance to hostile enchantments.
   It provides partial protection from all sources of acid and corrosion.
   It has a curse placed upon it.
 y - the +1 ring mail "Simuanulext" (worn) {*Contam rC+ MR+ Regen+}
   (You found it on level 6 of the Dungeon)

   It protects you from cold.
   It affects your resistance to hostile enchantments.
   It causes magical contamination when unequipped.
   It increases your rate of regeneration.
 D - a +2 cloak (worn)
 K - +0 ice dragon scales
 O - a +2 troll leather armour {Snorg}
 U - a +2 plate armour of cold resistance
 Z - a +1 pair of gloves (worn)
Jewellery
 h - a +5 amulet of reflection {unknown}
 s - an amulet of guardian spirit (around neck)
 A - an uncursed amulet of rage
 C - a +4 ring of dexterity (right hand)
 L - an uncursed ring of protection from cold
 X - a ring of positive energy (left hand)
Wands
 b - a wand of polymorph (13)
 e - a wand of clouds (4)
 F - a wand of paralysis (4)
 S - a wand of acid (13)
Scrolls
 d - a scroll of magic mapping
 i - 2 scrolls of fear
 j - 5 scrolls of immolation
 u - 4 scrolls of teleportation
 v - a scroll of enchant armour
 H - 2 scrolls of summoning
 Q - 3 scrolls of enchant weapon {unknown}
 V - 4 scrolls of remove curse
Potions
 a - 5 potions of might
 f - 2 potions of brilliance
 k - a potion of resistance
 l - 5 potions of agility
 m - 3 potions of flight {unknown}
 o - 4 potions of heal wounds
 r - a potion of ambrosia {unknown}
 x - 5 potions of curing
 z - a potion of magic {unknown}
 B - 4 potions of degeneration {unknown}
 N - 2 potions of haste
 R - 2 potions of invisibility
Miscellaneous
 t - a lamp of fire
 G - a phial of floods
 M - a lightning rod (4/4)
 P - a phial of floods
Comestibles
 c - 16 rations


   Skills:
 - Level 15.2 Fighting
 - Level 21.3 Axes
 - Level 10.2 Armour
 - Level 7.2 Dodging
 - Level 1.5 Stealth
 + Level 9.1 Evocations


You had 14 spell levels left.
You didn't know any spells.
Your spell library contained the following spells:

 Spells                   Type           Power        Failure   Level  Hunger
 Animate Skeleton         Necr           N/A          38%         1    ##.....
 Apportation              Tloc           #.....       38%         1    ##.....
 Confusing Touch          Hex            #.....       38%         1    ##.....
 Corona                   Hex            #......      38%         1    ##.....
 Magic Dart               Conj           #...         38%         1    ##.....
 Pain                     Necr           #...         38%         1    ##.....
 Shock                    Conj/Air       #...         38%         1    ##.....
 Sting                    Conj/Pois      #...         38%         1    ##.....
 Summon Butterflies       Summ           #.......     38%         1    ##.....
 Summon Small Mammal      Summ           #...         38%         1    ##.....
 Blink                    Tloc           N/A          54%         2    ###....
 Call Imp                 Summ           #.......     54%         2    ###....
 Ensorcelled Hibernation  Hex/Ice        #.....       54%         2    ###....
 Poisonous Vapours        Pois/Air       #.....       54%         2    ###....
 Slow                     Hex            #.......     54%         2    ###....
 Swiftness                Chrm/Air       #.......     54%         2    ###....
 Confuse                  Hex            #.......     77%         3    ####...
 Conjure Flame            Conj/Fire      #.......     77%         3    ####...
 Dazzling Spray           Conj/Hex       #.....       77%         3    ####...
 Lesser Beckoning         Tloc           #.........   77%         3    ####...
 Mephitic Cloud           Conj/Pois/Air  #.......     77%         3    ####...
 Regeneration             Chrm/Necr      #.........   77%         3    ####...
 Static Discharge         Conj/Air       #.......     77%         3    ####...
 Tukima's Dance           Hex            #.......     77%         3    ####...
 Vampiric Draining        Necr           #.........   77%         3    ####...
 Airstrike                Air            #.........   99%         4    #####..
 Animate Dead             Necr           N/A          99%         4    #####..
 Ice Form                 Ice/Tmut       #.......     99%         4    #####..
 Olgreb's Toxic Radiance  Pois           #.......     99%         4    #####..
 Alistair's Intoxication  Tmut/Pois      #.......     100%        5    ######.
 Lightning Bolt           Conj/Air       #.........   100%        5    ######.
 Metabolic Englaciation   Hex/Ice        #.........   100%        5    ######.
 Venom Bolt               Conj/Pois      #.........   100%        5    ######.
 Bolt of Cold             Conj/Ice       #.........   100%        6    #######
 Freezing Cloud           Conj/Ice/Air   #.........   100%        6    #######
 Invisibility             Hex            #.......     100%        6    #######
 Ozocubu's Refrigeration  Ice            #.........   100%        6    #######
 Simulacrum               Ice/Necr       #.........   100%        6    #######


Dungeon Overview and Level Annotations

Branches:
Dungeon (13/15)            Temple (1/1) D:6            Lair (6/6) D:8
  Snake (0/4) Lair:4        Slime (0/5) Lair:5          Orc (2/2) D:10
    Elf (0/3) Orc:2        Bailey (visited)           IceCv (visited)
  Swamp: Lair:2-4    Shoals: Lair:2-4    Vaults: D:13-14

Altars:
Ashenzari
Cheibriados
Hepliaklqana
Nemelex Xobeh
Okawaru
Ru
Trog
Uskayaw
Vehumet
The Shining One

Shops:
D:4 (   D:7 }   D:9 **[   Orc:1 :   Orc:2 !*![

Portals:
Trove: D:12 (give 6 scrolls of blinking)

Annotations:
D:6 5 runed translucent doors
D:9 1 runed translucent door, Suckerboh's ghost, novice DsGl
D:11 1 runed translucent door, Lionnat's ghost, novice DsWn


Message History

The blink frog blinks! x2
A red film seems to cover your vision as you go berserk!
You feel yourself moving faster!
You feel mighty!
You feel a lot more hungry.
Your skin stops crawling.
You feel less resistant to hostile enchantments.
The bullfrog croaks.
The blink frog blinks!
The lindwurm breathes flames at you. The blast of flame hits you!!
* * * LOW HITPOINT WARNING * * *
You completely miss the lindwurm.
The lindwurm is heavily wounded.
The bullfrog snags a nearby small bird with its tongue.
The blink frog blinks!
Unknown command.
You closely miss the lindwurm.
The lindwurm is heavily wounded.
The spiny frog croaks.
The lindwurm bites you!
You die...

..≈...P............ ≈≈.≈.
####...P...........P#
.....####......P#..........#
F.....F..........#........#
...............P..........#
..P.......F..F....†....####
.PP.....§.............#.#
..............†......P###
#..........Fk@.........#
#.P.....F%..§...#...####
##.............#.####
##..............#
####..........§...#
#.#...............#
#............†††.##
##........†..†.†..#
#.................#


You could see a lindwurm, a spiny frog, 3 blink frogs and a bullfrog.

Vanquished Creatures
  A frost giant (IceCv)
  Snorg (Orc:2)
  Josephine (Lair:4)
  8 hydras
  The ghost of pwnd the Spear-Bearer, a journeyman MfSk of Hepliaklqana (D:10)
  2 ogre magi (Orc:2)
  12 two-headed ogres
  Erica (D:10)
  4 death yaks
  An orc high priest (Orc:1)
  4 skeletal warriors (D:11)
  2 deep trolls (Orc:2)
  An orc knight (D:11)
  2 cyclopes (Orc:2)
  An orc sorcerer (Orc:2)
  A deep elf mage (D:12)
  3 black mambas
  A gargoyle (D:12)
  An ice statue (IceCv)
  8 spiny frogs
  3 torpor snails
  5 rime drakes
  5 komodo dragons
  10 trolls
  17 polar bears
  3 hippogriffs (Lair:5)
  7 blink frogs
  A shadow (D:11)
  4 wyverns
  Eustachio (D:6)
  7 wraiths
  71 yaks
  3 hungry ghosts
  4 basilisks
  Menkaure (D:6)
  2 vampire mosquitoes
  A warg (Orc:1)
  11 water moccasins
  5 porcupines
  20 orc warriors
  An ice beast (D:6)
  A sky beast (D:11)
  28 ogres
  2 black bears
  2 necrophages
  3 phantoms (D:11)
  5 centaurs
  4 big kobolds
  6 crocodiles
  28 wolves
  9 bullfrogs
  8 gnoll sergeants (Bailey)
  A water moccasin skeleton (D:7)
  A scorpion (D:5)
  3 wights (D:9)
  10 killer bees
  3 howler monkeys (D:11)
  3 crimson imps
  3 bullfrog zombies
  2 bullfrog skeletons
  6 hounds
  6 jellies
  8 orc priests
  A centaur skeleton (D:11)
  6 gnoll shamans (Bailey)
  2 iguanas
  20 orc wizards
  5 worker ants
  2 killer bee zombies
  A hound zombie (D:5)
  A howler monkey skeleton (D:7)
  15 gnolls
  6 adders
  2 shadow imps
  4 oozes
  An adder zombie (D:6)
  2 adder skeletons
  A dart slug (D:2)
  4 leopard geckos
  47 orcs
  2 ball pythons
  5 giant cockroaches
  14 hobgoblins
  17 jackals
  6 quokkas
  8 bats
  2 frilled lizards (D:3)
  3 goblins
  17 kobolds
  A quokka zombie (D:2)
  A rat (D:1)
  2 fungi
  3 plants
581 creatures vanquished.

Vanquished Creatures (collateral kills)
  2 two-headed ogres (Orc:2)
  A troll (Orc:2)
  An ogre (Orc:2)
4 creatures vanquished.

Vanquished Creatures (others)
  2 wolves (Lair:5)
  5 fungi
  24 plants
31 creatures vanquished.

Grand Total: 616 creatures vanquished

Notes
Turn   | Place    | Note
-------+----------+-------------------------------------------
     0 | D:1      | brucemayne the Hill Orc Monk began the quest for the Orb.
     0 | D:1      | Reached XP level 1. HP: 19/19 MP: 1/1
   123 | D:2      | Found a bloodstained altar of Trog.
   130 | D:2      | Became a worshipper of Trog the Wrathful
   130 | D:2      | Reached * piety under Trog
   130 | D:2      | Reached ** piety under Trog
   174 | D:2      | Reached XP level 2. HP: 14/26 MP: 2/2
   232 | D:2      | Reached skill level 5 in Axes
   294 | D:2      | Reached XP level 3. HP: 30/31 MP: 3/3
   580 | D:3      | Found an iron altar of Okawaru.
   626 | D:3      | Reached skill level 6 in Axes
   627 | D:3      | Reached XP level 4. HP: 39/39 MP: 4/4
   704 | D:4      | Found Toats's Antique Weapon Shop.
   714 | D:4      | Noticed an orc warrior
   718 | D:4      | Noticed a phantom
   728 | D:4      | Reached skill level 7 in Axes
   734 | D:4      | Killed an orc warrior
   734 | D:4      | Reached skill level 8 in Axes
   734 | D:4      | Reached XP level 5. HP: 33/45 MP: 5/5
   753 | D:3      | Noticed a centaur
   769 | D:3      | Killed a centaur
   769 | D:3      | Reached skill level 9 in Axes
   769 | D:3      | Reached XP level 6. HP: 20/51 MP: 6/6
   809 | D:3      | Found a hide-covered altar of Uskayaw.
  1070 | D:5      | Entered Level 5 of the Dungeon
  1260 | D:5      | Reached skill level 10 in Axes
  1260 | D:5      | Reached XP level 7. HP: 57/57 MP: 5/7
  1268 | D:5      | Reached *** piety under Trog
  1456 | D:6      | Got an ancient ring mail
  1467 | D:6      | Identified the +1 ring mail "Simuanulext" {*Contam rC+ MR+
                  | Regen+} (You found it on level 6 of the Dungeon)
  1479 | D:6      | Found a staircase to the Ecumenical Temple.
  1488 | D:6      | Reached skill level 11 in Axes
  1490 | Temple   | Entered the Ecumenical Temple
  1610 | D:6      | Noticed Eustachio
  1619 | D:6      | Reached skill level 1 in Armour
  1624 | D:6      | Killed Eustachio
  1624 | D:6      | Reached XP level 8. HP: 67/67 MP: 6/8
  1625 | D:6      | Reached skill level 5 in Fighting
  1787 | D:8      | Found a staircase to the Lair.
  1804 | D:9      | Found Dasug's Assorted Antiques.
  1925 | D:9      | Found a flagged portal.
  2061 | D:9      | Noticed a yak
  2061 | D:9      | Noticed a yak
  2061 | D:9      | Noticed a yak
  2061 | D:9      | Noticed a yak
  2061 | D:9      | Noticed a yak
  2062 | D:9      | Noticed a yak
  2072 | D:9      | Killed a yak
  2072 | D:9      | Reached skill level 12 in Axes
  2072 | D:9      | Reached XP level 9. HP: 75/75 MP: 7/9
  2084 | D:9      | Reached skill level 13 in Axes
  2200 | D:9      | Reached skill level 14 in Axes
  2213 | D:9      | Reached **** piety under Trog
  2282 | Bailey   | Entered a bailey
  2362 | Bailey   | Reached XP level 10. HP: 86/86 MP: 8/10
  2365 | Bailey   | Reached skill level 15 in Axes
  2989 | D:4      | Bought an encrusted battleaxe for 241 gold pieces
  2989 | D:4      | Identified the +1 battleaxe of the Queen {flame, +Blink
                  | rC+++ MP-9 Int+3} (You bought it in a shop on level 4 of
                  | the Dungeon)
  3036 | D:4      | Found a sparkling altar of Nemelex Xobeh.
  3093 | D:6      | Found a runed translucent door.
  3114 | D:6      | Found a sparkling altar of Nemelex Xobeh.
  3128 | D:6      | Noticed a gargoyle
  3129 | D:6      | Found a large runed translucent door.
  3129 | D:6      | Found a large runed translucent door.
  3131 | D:6      | Found a large runed translucent door.
  3131 | D:6      | Found a large runed translucent door.
  3370 | D:6      | Noticed Menkaure
  3374 | D:6      | Killed Menkaure
  3404 | D:7      | Found Waditwiwk's Gadget Shoppe.
  3439 | D:7      | Reached ***** piety under Trog
  3555 | D:8      | Reached skill level 16 in Axes
  3572 | D:9      | Noticed a two-headed ogre
  3573 | D:9      | Killed a two-headed ogre
  3573 | D:9      | Reached skill level 10 in Fighting
  3642 | D:9      | Found Tukaluce's Armour Shoppe.
  3647 | D:9      | Found a runed translucent door.
  3652 | D:9      | Noticed Suckerboh's ghost (novice DsGl)
  3660 | D:10     | Entered Level 10 of the Dungeon
  3701 | D:9      | Bought a dented soapstone amulet for 105 gold pieces
  3782 | D:9      | Found Qudehul's Assorted Antiques.
  3836 | D:10     | Noticed a two-headed ogre
  3845 | D:10     | Killed a two-headed ogre
  3845 | D:10     | Reached XP level 11. HP: 23/101 MP: 2/11
  3933 | D:10     | Found a runed translucent gate.
  3933 | D:10     | Found a runed translucent gate.
  3933 | D:10     | Found a runed translucent gate.
  3934 | D:10     | Noticed pwnd's ghost (journeyman MfSk)
  3934 | D:10     | Noticed a 12-headed hydra
  3947 | D:10     | Killed an eight-headed hydra
  3949 | D:10     | Reached skill level 17 in Axes
  3960 | D:10     | Killed pwnd's ghost
  4164 | D:10     | Noticed Erica
  4172 | D:10     | Killed Erica
  4206 | D:10     | Noticed a two-headed ogre
  4218 | D:10     | Killed a two-headed ogre
  4232 | D:10     | Received a gift from Trog
  4438 | D:11     | Noticed a two-headed ogre
  4443 | D:11     | Noticed a two-headed ogre
  4447 | D:11     | Killed a two-headed ogre
  4447 | D:11     | Reached skill level 18 in Axes
  4453 | D:11     | Killed a two-headed ogre
  4453 | D:11     | Reached XP level 12. HP: 84/115 MP: 3/12
  4511 | D:12     | Found a shattered altar of Ashenzari.
  4537 | D:12     | Got a dazzling ring mail
  4555 | D:13     | Found a hazy altar of Hepliaklqana.
  4789 | D:12     | Found a portal to a secret trove of treasure.
  5020 | D:11     | Reached skill level 19 in Axes
  5046 | D:11     | Found a runed translucent door.
  5046 | D:11     | Noticed a spriggan rider
  5047 | D:11     | Noticed Lionnat's ghost (novice DsWn)
  5048 | D:11     | Identified the +7 trident "Rimounu" {venom, Str+3}
  5323 | D:11     | Reached skill level 20 in Axes
  5585 | D:10     | Found a staircase to the Orcish Mines.
  5603 | Orc:1    | Entered Level 1 of the Orcish Mines
  5609 | Orc:1    | Found a frozen archway.
  5704 | IceCv    | Entered an ice cave
  5796 | IceCv    | Reached skill level 5 in Dodging
  5811 | IceCv    | Received a gift from Trog
  5815 | IceCv    | Reached XP level 13. HP: 72/122 MP: 4/13
  5823 | IceCv    | Reached ****** piety under Trog
  6015 | IceCv    | Reached skill level 5 in Armour
  6086 | IceCv    | Noticed a frost giant
  6100 | IceCv    | Killed a frost giant
  6195 | Orc:2    | Entered Level 2 of the Orcish Mines
  6334 | Orc:1    | Found a radiant altar of Vehumet.
  6354 | Orc:2    | Noticed Snorg
  6367 | Orc:2    | Killed Snorg
  6425 | Orc:2    | Found Caimom's Distillery.
  6427 | Orc:2    | Found Mephipap's Distillery.
  6448 | Orc:2    | Reached skill level 10 in Armour
  6461 | Orc:2    | Received a gift from Trog
  6461 | Orc:2    | Reached XP level 14. HP: 130/130 MP: 5/14
  6501 | Orc:2    | Found Ateadudgh's Armour Shoppe.
  6503 | Orc:2    | Found Poysycor's Assorted Antiques.
  6516 | Orc:2    | Found a staircase to the Elven Halls.
  6544 | Orc:2    | Bought a polished chain mail for 285 gold pieces
  6544 | Orc:2    | Bought a fuming inky potion for 27 gold pieces
  6544 | Orc:2    | Bought a fuming inky potion for 27 gold pieces
  6544 | Orc:2    | Bought a scroll of identify for 60 gold pieces
  6559 | Orc:2    | Bought a potion of haste for 130 gold pieces
  6559 | Orc:2    | Bought a potion of heal wounds for 65 gold pieces
  6559 | Orc:2    | Bought a potion of haste for 130 gold pieces
  6559 | Orc:2    | Bought a potion of might for 52 gold pieces
  6559 | Orc:2    | Bought a potion of invisibility for 104 gold pieces
  6565 | Orc:2    | Bought a potion of agility for 56 gold pieces
  6565 | Orc:2    | Bought a potion of might for 56 gold pieces
  6565 | Orc:2    | Bought a potion of resistance for 140 gold pieces
  6565 | Orc:2    | Bought a potion of might for 56 gold pieces
  6565 | Orc:2    | Bought a potion of curing for 42 gold pieces
  6583 | Orc:2    | Found a bloodstained altar of Trog.
  6854 | Orc:2    | Identified the cursed +0 chain mail of a Labyrinth {MR+
                  | rCorr Str-4} (You bought it in a shop on level 2 of the
                  | Orcish Mines)
  6869 | Orc:1    | Found Itavulah's Book Shop.
  7084 | Lair:1   | Entered Level 1 of the Lair of Beasts
  7478 | Lair:3   | Reached skill level 21 in Axes
  7719 | Lair:3   | Reached skill level 15 in Fighting
  7832 | Lair:3   | Received a gift from Trog
  7849 | Lair:4   | Reached skill level 1 in Evocations
  7868 | Lair:4   | Found a staircase to the Snake Pit.
  7910 | Lair:4   | Noticed Josephine
  7925 | Lair:4   | Killed Josephine
  8071 | Lair:6   | Entered Level 6 of the Lair of Beasts
  8086 | Lair:6   | Reached skill level 5 in Evocations
  8240 | Lair:5   | Found a staircase to the Slime Pits.
  8285 | Lair:5   | Reached XP level 15. HP: 92/141 MP: 4/19
  8587 | Lair:6   | Received a gift from Trog
  8776 | Lair:6   | HP: 3/211 [lindwurm/blast of flame (25)]
  8778 | Lair:6   | Slain by a lindwurm

Levels and vault maps discovered:
D:1:      wheals_arrival_shading, layout_rooms
D:2:      layout_rooms, lemuel_coloured_pillars_altar, lemuel_crystal_altar,
          hex_large
D:3:      layout_loops_corners, okawaru_gym_becter, lemuel_tele_altar, uniq_ijyb
D:4:      layout_loops_ring, cheibrodos_sewer_entry_drain, first_ration,
          serial_shops, shop, gammafunk_ghost_cemetery,
          nemelex_diamond_rough_becter
D:5:      layout_rooms
D:6:      layout_basic, nemelex_xobeh_ov_fountains_minmay,
          minmay_temple_entry_mist, ebering_ghost_sewer_d,
          minmay_hollow_rounded_squares, uniq_edmund, uniq_eustachio,
          uniq_menkaure
D:7:      layout_loops_ring, overflow_temple_1_default,
          amethyst_overflow_temple_binary, serial_shops,
          nicolae_shop_temple_entry_statues_fountains, grunt_ogre_cave,
          bh_chokoban
D:8:      layout_layer_cave, grunt_dithmenos_smoke, lair_entry_dummy,
          dk_noncrumbling_4, palyth_stone_intersect, kb_lookout_dungeons_type,
          minmay_misc_feat_square
D:9:      layout_gridville, serial_shops, nicolae_shop_overgrown_old_shop, shop,
          shop, enter_bailey_2, ebering_ghost_reflecting_pool
D:10:     layout_cave_pools, gammafunk_ghost_hydra_chop,
          introduction_to_nature_2, uniq_erica
D:11:     cheibrodos_orc_bank, layout_loops_ring, ebering_ghost_funeral_grove
D:12:     layout_roguey, trove_entry_hex_spiral, ashenzari_altar_1
D:13:     layout_roguey, serial_shops, shop, nicolae_shop_behind_doors,
          nicolae_shop_statue_plus, basic_altar
Temple:   dpeg_chambers_temple
Lair:1:   beast_lair_carwin_large_1, layout_regular_city
Lair:2:   layout_loops_ring, shoals_dummy_entry, wad_woods_river_02
Lair:3:   layout_regular_city, lemuel_fruit_tree
Lair:4:   layout_hall_layers, guppyfry_snake_entry_island,
          infiniplex_staircase_pool, minmay_lair_oklob_chamber, uniq_josephine
Lair:5:   layout_roguey, nicolae_slime_entry_slimehenge, serial_forest,
          infiniplex_forest_clump_medium, infiniplex_forest_end_2,
          infiniplex_forest_clump_long, infiniplex_forest_clump_small,
          infiniplex_forest_straight_4, infiniplex_forest_lined_2,
          infiniplex_forest_lined_1, infiniplex_forest_lined_3,
          infiniplex_forest_lined_2, st_stairs_8
Lair:6:   minmay_lair_end_frog_pond, layout_hall_layers
Orc:1:    layout_diamond_mine, basic_altar, portal_ice_cave_entry_pillars_2,
          serial_shops, shop_fountains, roderic_batcave
Orc:2:    st_orc_open, layout_caves, library_closet, bloody_trog, uniq_snorg

Skill      XL: |  1  2  3  4  5  6  7  8  9 10 11 12 13 14 15 |
---------------+----------------------------------------------+-----
Axes           | 5 6 8 9 10 11 12 14 16 18 20 21 | 21.3
Fighting       | 4 6 7 10 13 15 | 15.2
Armour         | 2 4 10 | 10.2
Dodging        | 5 7 |  7.2
Evocations     | 6 9 |  9.1
Stealth        | |  1.5

Action                   |  1- 3 |  4- 6 |  7- 9 | 10-12 | 13-15 || total
-------------------------+-------+-------+-------+-------+-------++-------
Melee: Hand axe          |    87 |   106 |   189 |       |       ||   382
       War axe           |       |       |    51 |   146 |       ||   197
       Battleaxe         |       |       |       |   433 |   653 ||  1086
Invok: Berserk           |     2 |     3 |     6 |     8 |     7 ||    26
       Trog's Hand       |       |     3 |     3 |     4 |     6 ||    16
       Brothers in Arms  |       |       |       |       |     1 ||     1
Evoke: Wand              |       |       |     1 |     2 |       ||     3
  Use: Potion            |       |     3 |       |       |     3 ||     6
       Scroll            |       |     6 |     2 |     6 |    11 ||    25
 Stab: Sleeping          |       |       |     2 |     4 |       ||     6
       Paralysed         |       |       |     4 |     4 |       ||     8
  Eat: Ration            |       |     2 |     1 |     5 |     5 ||    13
       Chunk             |       |     1 |     6 |    11 |     1 ||    19
Armor: Robe              |     9 |       |       |       |       ||     9
       Leather armour    |     5 |       |       |       |       ||     5
       Scale mail        |    15 |    33 |     5 |       |       ||    53
       Skin              |       |    10 |       |       |       ||    10
       Ring mail         |       |       |    76 |   157 |   208 ||   441
Dodge: Dodged            |    69 |    61 |   140 |   303 |   484 ||  1057
